 Dungeon Crawl Stone Soup version 0.31.0-12-g77e489cdc1 (webtiles) character file.

Game seed: 176723501266212369

25860 PaiMei the Black Sun (level 12, -5/100 HPs)
             Began as a Demonspawn Necromancer on Feb 29, 2024.
             Was a High Priest of Kikubaaqudgha.
             Slain by a cane toad (12 damage)
             ... on level 3 of the Lair of Beasts.
             The game lasted 00:25:15 (20736 turns).

PaiMei the Black Sun (Demonspawn Necromancer)      Turns: 20736, Time: 00:25:16

Health: -5/100     AC:  8    Str:  8    XL:     12   Next: 93%
Magic:  2/35       EV: 17    Int: 17    God:    Kikubaaqudgha [*****.]
Gold:   764        SH:  4    Dex: 16    Spells: 14/31 levels left

rFire   . . .        n - +4 short sword of Impatience {protect, rElec rC- Will+++ Int-2}
rCold   x . .        (no shield)
rNeg    . . .        K - +0 troll leather armour
rPois   .            d - +0 helmet
rElec   +            (no cloak)
rCorr   .            (no gloves)
SInv    .            (no boots)
Will    +++..        (no amulet)
Stlth   ++           o - +4 ring of protection
HPRegen 1.16/turn    A - ring of magical power
MPRegen 0.24/turn

%: no passive effects
@: lethally poisoned (-5 -> -22), attractive
A: claws 2, large bone plates 1, foul stench 2, powered by death 2
a: Renounce Religion, Unearth Wretches, Torment


You were on level 3 of the Lair of Beasts.
You worshipped Kikubaaqudgha.
Kikubaaqudgha was extremely pleased with you.
You visited 2 branches of the dungeon, and saw 13 of its levels.

You collected 764 gold pieces.

Inventory:

Hand Weapons
 n - the +4 short sword of Impatience (weapon) {protect, rElec rC- Will+++ Int-2}
   (You found it on level 2 of the Dungeon)

   Int-2:     It affects your intelligence (-2).
   rC-:       It makes you vulnerable to cold.
   rElec:     It insulates you from electricity.
   Will+++:   It greatly increases your willpower.
 C - a +2 dagger of venom
 J - a +2 whip of electrocution
 N - a +5 halberd
Missiles
 u - 17 poisoned darts (quivered)
 G - a throwing net
Armour
 d - a +0 helmet (worn)
 y - an orb of guile
 K - a +0 troll leather armour (worn)
 Q - an orb of light
Jewellery
 j - a ring of see invisible
 o - a +4 ring of protection (left claw)
 x - a ring of protection from cold
 A - a ring of magical power (right claw)
 I - a ring of wizardry
Wands
 l - a wand of polymorph (3)
 D - a wand of paralysis (11)
 H - a wand of flame (12)
 M - a wand of digging (5)
Scrolls
 e - 2 scrolls of revelation {unknown}
 g - 3 scrolls of vulnerability
 h - 2 scrolls of fog {unknown}
 m - 3 scrolls of teleportation
 s - a scroll of poison {unknown}
 t - a scroll of brand weapon {unknown}
 F - 2 scrolls of fear {unknown}
 L - 2 scrolls of enchant armour {unknown}
 O - a scroll of amnesia {unknown}
 P - a scroll of enchant weapon {unknown}
Potions
 a - a potion of lignification {unknown}
 b - 3 potions of magic
 c - 3 potions of invisibility
 f - a potion of ambrosia {unknown}
 i - 2 potions of curing {unknown}
 k - 2 potions of heal wounds {unknown}
 p - 3 potions of cancellation
 q - 3 potions of might
 r - 2 potions of brilliance {unknown}
 v - 2 potions of berserk rage {unknown}
 w - 2 potions of enlightenment {unknown}
 z - a potion of mutation
 B - 2 potions of attraction
 E - 2 potions of haste {unknown}


   Skills:
 + Level 11.1 Fighting
 + Level 10.4 Dodging
 - Level 2.1 Stealth
 + Level 10.4 Spellcasting
 + Level 12.9 Necromancy


You had 14 spell levels left.
You knew the following spells:

 Your Spells              Type           Power      Damage    Failure   Level
a - Necrotise             Necr           100%       1d9       1%          1
b - Vampiric Draining     Necr           51%        2d9       1%          3
c - Animate Dead          Necr           51%        N/A       1%          4
d - Curse of Agony        Necr           51%        N/A       1%          5
e - Dispel Undead         Necr           51%        3d19      1%          4

Your spell library contained the following spells:

 Spells                   Type           Power      Damage    Failure   Level
 Kiss of Death            Conj/Necr      100%       2d13      1%          1
 Fugue of the Fallen      Necr           51%        N/A       1%          3
 Anguish                  Hex/Necr       15%        N/A       9%          4
 Martyr's Knell           Necr/Summ      30%        N/A       9%          4
 Shock                    Conj/Air       32%        1d5       12%         1
 Slow                     Hex            32%        N/A       12%         1
 Ensorcelled Hibernation  Hex/Ice        16%        N/A       19%         2
 Lesser Beckoning         Tloc           16%        N/A       19%         2
 Borgnjor's Vile Clutch   Necr/Erth      15%        N/A       24%         5
 Call Canine Familiar     Summ           8%         N/A       34%         3
 Confusing Touch          Hex            8%         N/A       34%         3
 Gell's Gravitas          Tloc           8%         N/A       34%         3
 Sigil of Binding         Hex            8%         N/A       34%         3
 Summon Ice Beast         Ice/Summ       8%         N/A       34%         3
 Swiftness                Air            8%         N/A       34%         3
 Teleport Other           Tloc           8%         N/A       34%         3
 Airstrike                Air            4%         2d(1-17)  75%         4
 Dimensional Bullseye     Hex/Tloc       4%         N/A       75%         4
 Summon Mana Viper        Hex/Summ       8%         N/A       97%         5
 Monstrous Menagerie      Summ           4%         N/A       100%        7


Dungeon Overview and Level Annotations

Branches:
Dungeon (10/15)            Temple (0/1) D:7            Lair (3/5) D:9
  Swamp (0/4) Lair:3       Spider (0/4) Lair:2
    Orc: D:9-12

Altars:
Cheibriados
Gozag
Kikubaaqudgha
Makhleb
Sif Muna
Xom

Annotations:
D:5 3 runed translucent doors, Consumeair16's ghost, novice GnFi
D:9 3 runed translucent doors, LoggersVIII's ghost, novice OpEE


Innate Abilities, Weirdness & Mutations

You have very sharp fingernails.
You are partially covered in large bone plates. (SH +4)
You sometimes emit foul miasma when damaged in melee.
You regenerate health from kills.


Message History

The cane toad looks even sicker.
The cane toad stings you but does no damage.
The cane toad stings you!
You are more poisoned.
The cane toad poisons you!
Casting: Vampiric Draining (safe; 1% risk of failure)
Confirm with . or Enter, or press ? or * to list all spells.
Aiming: Vampiric Draining (safe; 1% risk of failure)
Press: ? - help, Shift-Dir - straight line, f/p - cane toad
Aim: a cane toad (moderately wounded)
You draw life force from the cane toad!
You feel life coursing into your body.
You feel extremely sick. The cane toad stings you!
The cane toad completely misses you.
The cane toad is engulfed in dark miasma.
The cane toad looks as sick as possible!
The cane toad stings you. The cane toad stings you!
* * * LOW HITPOINT WARNING * * *
Casting: Vampiric Draining (safe; 1% risk of failure)
Confirm with . or Enter, or press ? or * to list all spells.
You don't have enough magic to cast this spell.
Casting: Vampiric Draining (safe; 1% risk of failure)
Confirm with . or Enter, or press ? or * to list all spells.
You don't have enough magic to cast this spell.
Casting: Vampiric Draining (safe; 1% risk of failure)
Confirm with . or Enter, or press ? or * to list all spells.
You don't have enough magic to cast this spell.
Casting: Vampiric Draining (safe; 1% risk of failure)
Confirm with . or Enter, or press ? or * to list all spells.
You don't have enough magic to cast this spell.
* * * LOW HITPOINT WARNING * * *
You feel extremely sick.
You kill the cane toad!
Kikubaaqudgha accepts your kill.
It was a potion of attraction.
You feel attractive to monsters.
* * * LOW HITPOINT WARNING * * *
You feel extremely sick. The cane toad stings you!
You die...
Kikubaaqudgha rasps: "You have failed me!
Welcome... death!"

.###...## #.##+.##
#.......####### #....>##
...........##.###.....##
.#......P...............
............##..+.....+.
####....######.#.>....#
. ##..## ##.......# ...
#..P# #......##
#...###@.# ####.+##
#...†FF.# #...#
#....°°...# #.###
#.........P.# #.#
.#...........# #.#
.P........#.^.# ...
......[.....#.+ ...
#.........####. ...
##.......>#


You could see 2 cane toads.

Vanquished Creatures
  A hydra (Lair:2)
  A death knight (D:9)
  3 two-headed ogres (D:9)
  A death yak (Lair:2)
  A cyclops (D:9)
  4 elephants (Lair:2)
  A meliai (Lair:2)
  Joseph (D:8)
  6 cane toads
  5 komodo dragons
  A troll (D:9)
  Prince Ribbit (D:9)
  A hornet (D:9)
  Grinder (D:4)
  20 blink frogs
  A shadow (D:10)
  14 yaks
  2 basilisks
  A wyvern (D:8)
  Grum (D:9)
  2 steam dragons
  4 water moccasins
  3 sky beasts (D:7)
  2 black bears
  2 ice beasts
  2 orc warriors
  A centaur (D:8)
  15 wolves
  2 phantoms
  A kobold brigand (D:10)
  6 bullfrogs
  A gnoll sergeant (D:6)
  A scorpion (D:6)
  5 wights
  4 killer bees (Lair:2)
  3 electric eels (D:9)
  6 howler monkeys
  A crimson imp (D:7)
  2 bombardier beetles
  11 hounds
  2 jellies
  8 orc priests
  2 gnoll boudas
  8 orc wizards
  6 iguanas
  17 gnolls
  12 adders
  3 white imps
  2 dart slugs
  3 ribbon worms
  30 orcs
  5 endoplasms
  5 giant cockroaches
  9 hobgoblins
  6 jackals
  2 quokkas
  6 ball pythons
  7 bats
  3 frilled lizards
  7 goblins
  13 kobolds
  3 rats
300 creatures vanquished.

Vanquished Creatures (collateral kills)
  4 death yaks (Lair:2)
  An elephant (Lair:2)
  3 blink frogs (Lair:3)
  5 yaks
  A wolf (Lair:1)
  A shadow imp (D:6)
  An orc (D:3)
  3 endoplasms
  A kobold (D:3)
20 creatures vanquished.

Vanquished Creatures (others)
  A komodo dragon zombie (Lair:3)
  5 yak zombies (Lair:2)
  4 wolf zombies (Lair:1)
  A bullfrog zombie (Lair:2)
  2 orc wizards
13 creatures vanquished.

Grand Total: 333 creatures vanquished

Notes
Turn   | Place    | Note
-------+----------+-------------------------------------------
     0 | D:1      | PaiMei the Demonspawn Necromancer began the quest for the
                  | Orb.
     0 | D:1      | Reached XP level 1. HP: 13/13 MP: 3/3
   363 | D:1      | Gained mutation: You are partially covered in large bone
                  | plates. (SH +4) [demonic ancestry]
   363 | D:1      | Reached XP level 2. HP: 17/19 MP: 0/5
   747 | D:1      | Found a faded altar of an unknown god.
  1053 | D:2      | Reached XP level 3. HP: 25/25 MP: 0/6
  1057 | D:2      | Learned a level 3 spell: Vampiric Draining
  1570 | D:2      | Reached skill level 1 in Fighting
  1813 | D:2      | Gained mutation: You have sharp fingernails. [demonic
                  | ancestry]
  1813 | D:2      | Reached XP level 4. HP: 32/32 MP: 2/7
  2108 | D:2      | Reached skill level 5 in Necromancy
  2450 | D:2      | Identified the +4 short sword of Impatience {protect, rElec
                  | rC- Will+++ Int-2}
  2710 | D:3      | Gained mutation: You may rarely emit foul miasma when
                  | damaged in melee. [demonic ancestry]
  2710 | D:3      | Reached XP level 5. HP: 35/38 MP: 0/9
  3982 | D:3      | Found a shimmering blue altar of Sif Muna.
  3982 | D:3      | Found an ancient bone altar of Kikubaaqudgha.
  4069 | D:3      | Became a worshipper of Kikubaaqudgha
  4447 | D:4      | Noticed Grinder
  4484 | D:3      | Gained mutation: You regenerate a little health from kills.
                  | [demonic ancestry]
  4484 | D:3      | Reached XP level 6. HP: 34/46 MP: 4/11
  5320 | D:4      | Killed Grinder
  5321 | D:4      | Reached skill level 6 in Necromancy
  5321 | D:4      | Gained mutation: You sometimes emit foul miasma when
                  | damaged in melee. [demonic ancestry]
  5321 | D:4      | Reached XP level 7. HP: 37/52 MP: 11/13
  5387 | D:4      | Reached * piety under Kikubaaqudgha
  5387 | D:4      | Received a gift from Kikubaaqudgha
  5523 | D:5      | Entered Level 5 of the Dungeon
  6216 | D:5      | Reached XP level 8. HP: 55/60 MP: 14/14
  6627 | D:5      | Noticed Consumeair16's ghost (novice GnFi)
  6628 | D:5      | Found a runed translucent gate.
  6628 | D:5      | Found a runed translucent gate.
  6628 | D:5      | Found a runed translucent gate.
  6903 | D:6      | Learned a level 4 spell: Animate Dead
  6933 | D:6      | Reached skill level 7 in Necromancy
  7174 | D:6      | Reached ** piety under Kikubaaqudgha
  7207 | D:6      | Reached skill level 5 in Spellcasting
  7228 | D:6      | Reached skill level 5 in Dodging
  7457 | D:6      | Reached skill level 5 in Fighting
  8029 | D:7      | Found a staircase to the Ecumenical Temple.
  8044 | D:7      | Gained mutation: You regenerate health from kills. [demonic
                  | ancestry]
  8044 | D:7      | Reached XP level 9. HP: 68/68 MP: 13/17
  8292 | D:7      | Reached skill level 8 in Necromancy
  8529 | D:7      | Found a burning altar of Makhleb.
  8529 | D:7      | Found a shimmering altar of Xom.
  9323 | D:8      | Reached *** piety under Kikubaaqudgha
  9323 | D:8      | Received a gift from Kikubaaqudgha
  9528 | D:8      | Noticed Joseph
  9852 | D:8      | Killed Joseph
 10497 | D:9      | Found a runed translucent gate.
 10498 | D:9      | Found a runed translucent gate.
 10499 | D:9      | Found an opulent altar of Gozag.
 10499 | D:9      | Found a runed translucent gate.
 10499 | D:9      | Noticed a deep elf pyromancer
 10499 | D:9      | Noticed a deep elf pyromancer
 10502 | D:9      | Noticed LoggersVIII's ghost (novice OpEE)
 10585 | D:9      | Noticed a troll
 10853 | D:9      | Killed a troll
 10854 | D:9      | Reached skill level 9 in Necromancy
 11193 | D:9      | Noticed Prince Ribbit
 11207 | D:9      | Killed Prince Ribbit
 11208 | D:9      | Reached XP level 10. HP: 79/79 MP: 15/20
 11580 | D:9      | Found a staircase to the Lair.
 11754 | D:9      | Found a snail-covered altar of Cheibriados.
 11919 | D:9      | Noticed a two-headed ogre
 11930 | D:9      | Killed a two-headed ogre
 12025 | D:9      | Noticed a two-headed ogre
 12033 | D:9      | Killed a two-headed ogre
 12209 | D:9      | Noticed Grum
 12229 | D:9      | Killed Grum
 12378 | D:9      | Paralysed by a hornet for 3 turns
 12554 | D:9      | Noticed a cyclops
 12579 | D:9      | Killed a cyclops
 12580 | D:9      | Reached skill level 10 in Necromancy
 12590 | D:9      | Noticed a death knight
 13030 | D:9      | Noticed a two-headed ogre
 13040 | D:9      | Killed a two-headed ogre
 13159 | D:9      | Killed a death knight
 13456 | D:10     | Entered Level 10 of the Dungeon
 13464 | D:9      | Learned a level 4 spell: Dispel Undead
 13470 | D:9      | Learned a level 5 spell: Curse of Agony
 13520 | D:9      | Gained mutation: You have very sharp fingernails. [demonic
                  | ancestry]
 13520 | D:9      | Reached XP level 11. HP: 81/87 MP: 23/23
 14550 | D:10     | Reached **** piety under Kikubaaqudgha
 15079 | Lair:1   | Entered Level 1 of the Lair of Beasts
 15622 | Lair:1   | Reached skill level 11 in Necromancy
 16909 | Lair:2   | Noticed a death yak
 17859 | Lair:2   | Reached XP level 12. HP: 97/97 MP: 23/25
 18315 | Lair:2   | Reached skill level 10 in Fighting
 18808 | Lair:2   | Noticed a five-headed hydra
 18818 | Lair:2   | Killed a five-headed hydra
 18819 | Lair:2   | Reached skill level 12 in Necromancy
 19154 | Lair:2   | Noticed a death yak
 19156 | Lair:2   | Noticed a death yak
 19157 | Lair:2   | Noticed a death yak
 19157 | Lair:2   | Noticed a death yak
 19171 | Lair:2   | Killed a death yak
 19178 | Lair:2   | Killed a death yak
 19497 | Lair:2   | Found a hole to the Spider Nest.
 19528 | Lair:2   | Killed a death yak
 19528 | Lair:2   | Reached ***** piety under Kikubaaqudgha
 19533 | Lair:2   | Killed a death yak
 19534 | Lair:2   | Reached skill level 10 in Dodging
 19534 | Lair:2   | Reached skill level 10 in Spellcasting
 19538 | Lair:2   | Killed a death yak
 20390 | Lair:3   | Found a staircase to the Swamp.
 20736 | Lair:3   | Slain by a cane toad

Illustrated notes

Levels and vault maps discovered:
D:1:      eino_arrival_tree_alley, layout_rooms,
          hellmonk_ecumenical_altar_leap_of_faith, nicolae_figureground_pulse
D:2:      layout_basic, chequers_serial_rivers_room_b, kennysheep_pointless_box,
          hangedman_decor_opposing, kennysheep_nub
D:3:      minmay_recursive_quarters, layout_basic,
          gammafunk_temple_overflow_wave, hangedman_decor_slide_cut
D:4:      layout_basic, uniq_grinder
D:5:      layout_loops_ring, gammafunk_ghost_nasty_kobolds
D:6:      layout_basic
D:7:      layout_basic, grunt_temple_overflow_champion_of_chaos,
          minmay_temple_entry_junction_2, grunt_decor_clamped
D:8:      layout_basic, good_gods_temple_1, hex_large, uniq_joseph
D:9:      layout_roguey, slow_altar_1, erik_lair_island, ebering_ghost_gozag,
          minivault_19, minmay_checkerbox, uniq_grum, uniq_prince_ribbit1
D:10:     layout_roguey, minitemple
Lair:1:   layout_hall_layers
Lair:2:   layout_regular_city, hellmonk_spider_entry_not_the_bees
Lair:3:   layout_roguey, minmay_swamp_entry_reptiles, beast_lair_carwin_8

Skill      XL: |  1  2  3  4  5  6  7  8  9 10 11 12 |
---------------+-------------------------------------+-----
Dodging        | 2 3 4 5 6 8 9 10 | 10.4
Stealth        | 2 |  2.1
Fighting       | 1 2 3 4 5 7 8 9 11 | 11.1
Necromancy     | 5 6 7 9 10 11 12 | 12.9
Spellcasting   | 3 4 5 6 8 9 10 | 10.4

Action                     |  1- 3 |  4- 6 |  7- 9 | 10-12 || total
---------------------------+-------+-------+-------+-------++-------
  Melee: Unarmed           |    25 |       |       |       ||    25
         Punch             |     1 |       |     2 |     2 ||     5
         Spear             |     1 |       |       |       ||     1
         Short sword       |       |    81 |   198 |   147 ||   426
   Cast: Necrotise         |    75 |   115 |   107 |   113 ||   410
         Vampiric Draining |       |     5 |    98 |   284 ||   387
         Animate Dead      |       |       |     1 |     7 ||     8
         Dispel Undead     |       |       |       |     7 ||     7
    Use: Scroll            |       |       |       |     8 ||     8
         Potion            |       |       |       |     1 ||     1
   Stab: Distracted        |       |       |       |     3 ||     3
 Armour: Robe              |    25 |    61 |    90 |       ||   176
         Steam dragon scal |       |       |    92 |       ||    92
         Troll leather arm |       |       |     8 |   329 ||   337
  Dodge: Dodged            |    38 |    71 |   197 |   376 ||   682
  Block: Other             |     7 |    17 |    34 |    94 ||   152
